 Dungeon Crawl Stone Soup version 0.25.0-9-g26727b657a (webtiles) character file.

Game seed: 16111699691925383550

392 HoaS the Ruffian (level 6, -1/52 HPs)
             Began as a Centaur Gladiator on June 16, 2020.
             Slain by a daeva
             ... wielding a +2 scimitar of holy wrath
              (8 damage)
             ... on level 1 of the Abyss.
             The game lasted 00:07:29 (3151 turns).

HoaS the Ruffian (Centaur Gladiator)                Turns: 3151, Time: 00:07:29

Health: -1/52      AC:  9    Str: 18    XL:     6   Next: 51%
Magic:  6/6        EV:  5    Int:  3    God:
Gold:   200        SH:  0    Dex: 11    Spells: 5/5 levels left

rFire    . . .     SeeInvis .     - Unarmed
rCold    . . .     Gourm    .   (no shield)
rNeg     . . .     Faith    .   e - +0 chain mail
rPois    .         Spirit   .   b - +1 helmet
rElec    .         Reflect  .   (no cloak)
rCorr    .         Harm     .   (no gloves)
MR       .....                  (no barding)
Stlth    ..........             (no amulet)
HPRegen  0.17/turn              q - ring of stealth
MPRegen  0.10/turn              (no ring)

@: glowing, very quick
A: large, hooves 3, deformed body, [dopey 2], speed 2, tough skin 3
a: no special abilities


You were on level 1 of the Abyss.
You were not hungry.

You visited 1 branch of the dungeon, and saw 4 of its levels.
You visited the Abyss 1 time.

You collected 200 gold pieces.

Inventory:

Missiles
 c - 3 throwing nets (quivered)
 j - 13 arrows
Armour
 b - a +1 helmet (worn)
 e - a +0 chain mail (worn)
Jewellery
 q - a ring of stealth (left hand)
Scrolls
 l - 6 scrolls of identify
 n - a scroll of teleportation
 o - 3 scrolls of remove curse
Potions
 a - 2 potions of curing
 g - a potion of stabbing {unknown}
 h - a potion of might {unknown}
 i - a potion of lignification {unknown}
 k - a potion of mutation {unknown}
 m - 2 potions of berserk rage {unknown}
 p - a potion of ambrosia {unknown}
Comestibles
 d - 9 rations
 f - 5 chunks of flesh


   Skills:
 + Level 4.2 Fighting
 - Level 2.1 Throwing
 - Level 2.1 Dodging
 * Level 6.3 Unarmed Combat


You had 5 spell levels left.
You didn't know any spells.
Your spell library was empty.

Dungeon Overview and Level Annotations

Branches:
Dungeon (4/15)
 Temple: D:4-7

Altars:
Yredelemnul


Innate Abilities, Weirdness & Mutations

You have hooves in place of feet.
Armour fits poorly on your strangely shaped body.
You cover ground very quickly.
You have extremely tough skin. (AC +3)
[You are very dopey. (Int -4)]


Message History

You hit the daeva but do no damage. Your punch misses the daeva.
The daeva is lightly wounded.
The wretched star glows turbulently.
The lance of force misses you.
The daeva hits you but does no damage. x2
You closely miss the daeva.
The daeva is lightly wounded.
The wretched star pulses with an eldritch light!
You feel stupid. x2
The daeva calls down the wrath of the Shining One upon you.
The Shining One smites you!
You hit the daeva.
The daeva is lightly wounded.
The wretched star glows turbulently.
The lance of force hits you!
You are knocked back by the lance of force.
You slam into the stone wall!
The daeva hits you with a +2 scimitar of holy wrath!
* * * LOW HITPOINT WARNING * * *
The daeva hits you with a +2 scimitar of holy wrath!
You die...

# # ## .X
#* .#
#.##.##.##.
#.@....≈...
#A##.##.##.
## .# ..
.## +#


You could see a daeva and a wretched star.

Vanquished Creatures
  A scorpion (D:3)
  A hound (D:4)
  A bullfrog skeleton (D:4)
  3 orc wizards
  2 worker ants (D:4)
  4 adders
  An ooze (D:1)
  3 worms
  4 dart slugs
  3 leopard geckos
  14 orcs
  3 giant cockroaches (D:3)
  6 goblins
  13 hobgoblins
  2 jackals (D:2)
  A quokka (D:3)
  3 ball pythons
  A bat (D:3)
  A frilled lizard (D:2)
  A jackal skeleton (D:4)
  5 kobolds
  6 rats
79 creatures vanquished.

Notes
Turn   | Place    | Note
-------+----------+-------------------------------------------
     0 | D:1      | HoaS the Centaur Gladiator began the quest for the Orb.
     0 | D:1      | Reached XP level 1. HP: 17/17 MP: 1/1
   188 | D:1      | Reached XP level 2. HP: 22/24 MP: 2/2
   692 | D:2      | Reached XP level 3. HP: 30/30 MP: 3/3
   819 | D:2      | Reached skill level 4 in Unarmed Combat
  1085 | D:2      | Reached XP level 4. HP: 32/37 MP: 4/4
  1431 | D:3      | Found a basalt altar of Yredelemnul.
  1478 | D:3      | Reached skill level 5 in Unarmed Combat
  1706 | D:3      | Reached XP level 5. HP: 45/45 MP: 5/5
  2701 | D:4      | Reached XP level 6. HP: 52/52 MP: 6/6
  2739 | D:4      | Reached skill level 6 in Unarmed Combat
  3146 | D:4      | Cast into level 1 of the Abyss (orc)
  3147 | Abyss:1  | Noticed a large abomination
  3147 | Abyss:1  | Noticed a daeva
  3147 | Abyss:1  | Noticed a wretched star
  3151 | Abyss:1  | Slain by a daeva

Illustrated notes

Levels and vault maps discovered:
D:1:      matt_arrival_spirals, layout_basic
D:2:      minmay_door_path, layout_loops_ring, first_ration
D:3:      layout_loops_ring, yredelemnul_altar_generic
D:4:      layout_gridville
Abyss:1:  base: D:2, hangedman_cross_veins

Skill      XL: |  1  2  3  4  5  6 |
---------------+-------------------+-----
Unarmed Combat | 4 5 6 |  6.3
Fighting       | 3 4 |  4.2
Throwing       | |  2.1
Dodging        | |  2.1

Action                   |  1- 3 |  4- 6 || total
-------------------------+-------+-------++-------
Melee: Unarmed           |    96 |   167 ||   263
       Kick              |    19 |    36 ||    55
       Punch             |     1 |     2 ||     3
  Use: Scroll            |     4 |     2 ||     6
       Potion            |       |     1 ||     1
  Eat: Chunk             |       |     5 ||     5
Armor: Chain mail        |    44 |    92 ||   136
Dodge: Dodged            |    17 |    39 ||    56
